 Dungeon Crawl Stone Soup version 0.18-a0-1589-g520a787 (webtiles) character file.

299 Oddball22 the Bolt Thrower (level 5, -1/42 HPs)
             Began as a Demigod Hunter on Mar 19, 2016.
             Killed from afar by an orc wizard (10 damage)
             ... with a magic dart
             ... on level 4 of the Dungeon.
             The game lasted 00:11:35 (4381 turns).

Oddball22 the Bolt Thrower (Demigod Hunter)         Turns: 4381, Time: 00:11:36

Health: -1/42      AC:  3    Str: 15    XL:     5   Next: 89%
Magic:  7/7        EV: 13    Int: 15    God:
Gold:   154        SH:  5    Dex: 18    Spells: 0 memorised, 4 levels left

rFire  x . .     SeeInvis .     a - +1 hand crossbow
rCold  + . .     Gourm    .     c - +0 leather armour
rNeg   . . .     Faith    .     w - +0 buckler
rPois  .         Spirit   .     (no helmet)
rElec  .         Dismiss  .     (no cloak)
rCorr  .         Reflect  .     (no gloves)
SustAt +         Harm     +     (no boots)
MR     .....                    j - amulet of harm
Stlth  ++........               (no ring)
                                D - ring of ice

@: not resistant to hostile enchantments, unstealthy
A: high mp 1, sustain attributes
a: no special abilities


You were on level 4 of the Dungeon.
You were not hungry.

You visited 1 branch of the dungeon, and saw 4 of its levels.

You collected 154 gold pieces.

Inventory:

Hand Weapons
 a - a +1 hand crossbow (weapon)
 b - a +0 short sword
 m - a +0 hunting sling
 y - a +0 club
 F - a cursed -2 quarterstaff
 H - a +0 hand axe
Missiles
 d - 37 bolts (quivered)
 e - 21 poisoned arrows
 g - 12 silver bolts
 i - 44 sling bullets
 o - 72 arrows
 s - 65 stones
Armour
 c - a +0 leather armour (worn)
 w - a +0 buckler (worn)
Jewellery
 j - an amulet of harm (around neck)
 p - an uncursed amulet of dismissal
 D - a ring of ice (left hand)
Scrolls
 h - a scroll of remove curse {unknown}
 k - a scroll of fog {unknown}
 l - a scroll of teleportation {unknown}
 n - a scroll of noise {unknown}
 q - a scroll of recharging {unknown}
 v - a scroll of identify {unknown}
 z - a scroll of blinking {unknown}
 G - a scroll of fear {unknown}
Potions
 A - a potion of degeneration {unknown}
 B - 4 potions of brilliance {unknown}
 C - 2 potions of agility
 E - a potion of resistance {unknown}
 I - a potion of curing {unknown}
Books
 x - a book of Alchemy

   Spells                             Type                      Level
   a - Sublimation of Blood           Necromancy                   2
   b - Ignite Poison                  Fire/Transmutation/Poison    3
   c - Petrify                        Transmutation/Earth          4
   d - Alistair's Intoxication        Transmutation/Poison         5
   e - Irradiate                      Conjuration/Transmutation    5
Comestibles
 f - a bread ration
 t - a slice of pizza
 u - a meat ration


   Skills:
 - Level 2.5 Fighting
 - Level 4.3 Crossbows
 - Level 2.7 Dodging
 - Level 0.8 Stealth
 + Level 4.0 Shields


You had 4 spell levels left.
You didn't know any spells.

Dungeon Overview and Level Annotations

Branches:
Dungeon (4/15)
 Temple: D:4-7


Innate Abilities, Weirdness & Mutations

You have an increased reservoir of magic (+10% MP).
Your attributes are resistant to harm.


Message History

The orc wizard points at you and mumbles some strange words.
The magic dart hits you!
* * * LOW HITPOINT WARNING * * *
You hit the orc wizard.
The orc wizard is almost dead.
You block the orc wizard's attack.
The orc wizard hits you but does no damage.
You closely miss the orc wizard.
The orc wizard is almost dead.
The orc wizard hits you but does no damage.
You closely miss the orc wizard.
The orc wizard is almost dead.
The orc wizard hits you with a dagger.
* * * LOW HITPOINT WARNING * * *
The orc wizard casts a spell.
The orc wizard blinks!
a - a +1 hand crossbow (weapon)
The orc wizard gestures at you while chanting.
The magic dart hits you!
You die...

.# #.# ###
#.# ##<##
#.# #...#
#.# #.♣.#
+#.##...#
#.#.#'.##
#..§)###
#..@.#
#..♣.'..♣
#....##...#
#....# ###
##..#. #..
o ... .♣
#### ..


You could see an orc wizard.

Vanquished Creatures
  The ghost of SirMumm the Magician, an amateur HEWz (D:3)
  7 gnolls
  4 adders
  2 worms
  2 dart slugs
  2 giant geckos
  4 orcs
  A giant cockroach (D:2)
  8 goblins
  12 hobgoblins
  A jackal (D:2)
  A quokka (D:2)
  8 bats
  3 giant newts
  10 kobolds
  A quokka skeleton (D:3)
  10 rats
77 creatures vanquished.

Notes
Turn   | Place    | Note
--------------------------------------------------------------
     0 | D:1      | Oddball22 the Demigod Hunter began the quest for the Orb.
     0 | D:1      | Reached XP level 1. HP: 17/17 MP: 3/3
   789 | D:1      | Reached XP level 2. HP: 24/24 MP: 4/4
  1530 | D:2      | Reached XP level 3. HP: 18/30 MP: 5/5
  2006 | D:2      | Found a shadowy altar of Dithmenos.
  2008 | D:2      | Found an oddly glowing altar of Pakellas.
  2744 | D:2      | Reached skill level 1 in Shields
  2744 | D:2      | Reached XP level 4. HP: 30/37 MP: 6/6
  3051 | D:2      | Found an ancient bone altar of Kikubaaqudgha.
  3052 | D:2      | Found a shimmering altar of Xom.
  3589 | D:3      | Reached XP level 5. HP: 11/42 MP: 7/7
  3829 | D:3      | Noticed SirMumm's ghost (amateur HEWz)
  3865 | D:3      | Killed SirMumm's ghost
  4381 | D:4      | Killed from afar by an orc wizard

Vault maps used:
D:1:      minmay_arrival_four_loops
D:2:      nicolae_overflow_hidden_temple
D:3:      hangedman_decor_growths
D:4:      grunt_temple_overflow_opulence, temple_pool_a, serial_shops, shop,
          nicolae_shop_stone, kennysheep_mini,
          nicolae_shop_competitors_out_of_business, first_bread,
          grunt_ministairs_4

Skill      XL: |  1  2  3  4  5 |
---------------+----------------+-----
Fighting       | 2 |  2.5
Dodging        | 2 |  2.7
Crossbows      | 4 |  4.3
Shields        | 1 2 4 |  4.0
Stealth        | |  0.8

Action                   |  1- 3 |  4- 6 || total
-------------------------+-------+-------++-------
Melee: Short sword       |   135 |   146 ||   281
       Club              |    40 |       ||    40
 Fire: Hand crossbow     |    16 |    18 ||    34
  Use: Potion            |     4 |       ||     4
 Stab: Distracted        |     1 |       ||     1
       Sleeping          |     2 |     4 ||     6
  Eat: Chunk             |     5 |     6 ||    11
